AoeStats
← Shredded_Pork

Arena

506853262Analyzed
4v4 RM · 17d ago on Sep 15, 2026· 55m 48s· 8 players
Game mode
Random Map
Map size
Large (8 player)
Population
200
Speed
Normal
Resources
Standard
Victory
Conquest
Starting age
Dark Age
Ending age
Imperial Age
RankedLock teamsTeams togetherTeam positionsShared explorationLock speedFull tech treeHidden civsTurbo modeCheats
Victory
Defeat
🇨🇳 Persians · China
738
+14
🇵🇱 Britons · Poland
737
+14
🇩🇪 Spanish · Germany
710
+15
🇨🇿 Persians · Czechia
666
+16
🇨🇳 Mongols · China
711
-16
🇨🇴 Teutons · Colombia
685
-15
🇺🇸 Celts · United States
673
-14
🇦🇷 Teutons · Argentina
661
-14
Com. Parlo Khrut
16:08 Feudal Age
16:33 Horse Collar
16:48 Gold Mining
21:22 Castle Age
21:40 Wheelbarrow
22:07 Double-Bit Axe
25:24 Scale Barding Armor
25:22 Husbandry
25:33 Bloodlines
25:42 Bow Saw
27:32 Stone Mining
28:17 Heavy Plow
30:47 Forging
32:13 Chain Barding Armor
34:32 Hand Cart
35:12 Iron Casting
36:42 Caravan
39:42 Imperial Age
39:54 Cavalier
41:50 Guilds
42:56 Plate Barding Armor
44:36 Conscription
45:47 Blast Furnace
45:00 Paladin
ttoommaass300
7:22 Loom
11:42 Feudal Age
16:29 Castle Age
14:51 Horse Collar
17:02 Wheelbarrow
16:50 Double-Bit Axe
23:39 Hand Cart
25:49 Caravan
27:22 Gold Mining
27:22 Stone Mining
29:00 Bow Saw
31:10 Bloodlines
34:04 Imperial Age
31:50 Kamandaran
34:13 Ballistics
35:04 Forging
35:00 Scale Barding Armor
34:47 Fletching
35:59 Hoardings
34:58 Cavalier
35:39 Husbandry
36:32 Thumb Ring
35:48 Crossbowman
38:02 Two-Man Saw
38:37 Savar
41:17 Chemistry
40:16 Bodkin Arrow
40:22 Padded Archer Armor
40:43 Chain Barding Armor
RafixD984595
11:19 Feudal Age
19:22 Castle Age
18:11 Double-Bit Axe
19:08 Wheelbarrow
19:41 Fletching
19:52 Padded Archer Armor
20:38 Bodkin Arrow
21:16 Squires
22:31 Gold Mining
22:44 Pikeman
30:49 Imperial Age
28:56 Bow Saw
29:59 Ballistics
30:05 Murder Holes
30:46 Leather Archer Armor
32:24 Hand Cart
34:40 Chemistry
34:49 Masonry
34:49 Fortified Wall
35:13 Bracer
36:33 Yeomen
38:50 Conscription
42:05 Ring Archer Armor
42:07 Architecture
41:44 Siege Engineers
41:45 Arson
42:24 Elite Longbowman
44:27 Fervor
49:38 Forging
49:29 Scale Mail Armor
53:45 Gold Shaft Mining
JOE
0:30 Loom
13:15 Feudal Age
18:37 Castle Age
16:41 Horse Collar
16:49 Double-Bit Axe
17:39 Stone Mining
17:40 Gold Mining
18:30 Wheelbarrow
19:21 Bow Saw
19:15 Heavy Plow
20:34 Hand Cart
22:49 Caravan
35:30 Imperial Age
35:39 Imperial Age
35:45 Imperial Age
35:38 Masonry
36:59 Crop Rotation
37:03 Architecture
37:09 Conscription
37:24 Elite War Elephant
40:09 Two-Man Saw
39:41 Scale Barding Armor
39:48 Forging
48:08 Chain Barding Armor
48:24 Iron Casting
55:01 Plate Barding Armor
55:27 Blast Furnace
CoL-Ferdiablo
11:43 Feudal Age
13:15 Wheelbarrow
12:30 Double-Bit Axe
12:27 Horse Collar
12:54 Gold Mining
19:58 Castle Age
18:14 Stone Mining
21:01 Hand Cart
20:59 Heavy Plow
22:59 Bow Saw
24:46 Caravan
25:54 Loom
26:58 Pikeman
27:39 Squires
27:25 Arson
31:00 Stone Shaft Mining
34:58 Imperial Age
32:18 Elite Skirmisher
32:24 Crossbowman
36:05 Conscription
35:42 Halberdier
35:56 Halberdier
44:40 Two-Man Saw
44:28 Fletching
44:49 Forging
48:30 Man-at-Arms
48:56 Gambesons
50:11 Iron Casting
49:32 Bodkin Arrow
49:38 Scale Mail Armor
49:39 Padded Archer Armor
SDBFP06!
0:27 Loom
12:25 Feudal Age
14:39 Wheelbarrow
19:28 Castle Age
17:30 Double-Bit Axe
17:54 Stone Mining
18:16 Horse Collar
18:31 Gold Mining
23:07 Town Watch
23:58 Hand Cart
24:26 Bow Saw
24:22 Heavy Plow
28:40 Pikeman
29:05 Arson
29:06 Gambesons
29:17 Elite Skirmisher
30:39 Stronghold
31:28 Town Patrol
37:28 Imperial Age
36:24 Light Cavalry
37:05 Husbandry
38:07 Halberdier
39:11 Siege Engineers
39:27 Ballistics
39:19 Fortified Wall
39:40 Conscription
41:40 Chemistry
41:51 Hoardings
41:22 Onager
43:34 Hussar
45:26 Caravan
48:00 Scale Barding Armor
47:56 Scale Mail Armor
48:08 Forging
50:20 Heavy Scorpion
Shredded_Pork
10:13 Feudal Age
10:44 Double-Bit Axe
10:42 Horse Collar
20:19 Castle Age
18:15 Stone Mining
18:30 Gold Mining
22:12 Bow Saw
22:06 Heavy Plow
22:44 Stone Shaft Mining
22:44 Gold Shaft Mining
22:51 Gold Shaft Mining
33:29 Imperial Age
31:49 Wheelbarrow
31:39 Forging
32:21 Scale Barding Armor
32:17 Scale Mail Armor
32:17 Padded Archer Armor
32:08 Fletching
32:59 Husbandry
33:10 Bloodlines
33:28 Light Cavalry
33:37 Onager
34:54 Ballistics
35:34 Chemistry
35:07 Conscription
34:43 Hussar
34:56 Capped Ram
38:54 Drill
Carlitos_Torino Nanobot
0:30 Loom
14:19 Feudal Age
16:08 Town Watch
18:57 Fletching
21:09 Forging
21:00 Padded Archer Armor
21:06 Scale Barding Armor
21:04 Scale Mail Armor
20:53 Horse Collar
21:02 Double-Bit Axe
24:11 Castle Age
23:13 Man-at-Arms
23:39 Arson
25:16 Town Patrol
26:08 Bow Saw
27:50 Bodkin Arrow
28:00 Heavy Plow
29:14 Squires
29:00 Gambesons
28:35 Long Swordsman
28:36 Pikeman
33:06 Iron Casting
32:09 Crossbowman
33:30 Stone Mining
33:34 Gold Mining
34:36 Ballistics
34:28 Fortified Wall
35:38 Chain Mail Armor
35:49 Masonry
40:03 Leather Archer Armor
39:30 Elite Skirmisher
Connection lost

Rejoining the realm…

Still unreachable

The connection could not be restored.

Session expired

The server has moved on; the page needs a fresh start.